 Dungeon Crawl Stone Soup version 0.29-a0-221-gceb61267dd (webtiles) character file.

Game seed: 10418056961749049617

230837 jlumianski the Warmonger (level 19, -2/165 HPs)
             Began as a Demonspawn Gladiator on Feb 26, 2022.
             Was a High Priest of Okawaru.
             Slain by a culicivora (21 damage)
             ... on level 3 of the Spider Nest.
             The game lasted 04:08:11 (32672 turns).

jlumianski the Warmonger (Demonspawn Gladiator)    Turns: 32672, Time: 04:08:12

Health: -2/165     AC: 15    Str: 26    XL:     19   Next: 13%
Magic:  31/31      EV: 15    Int:  7    God:    Okawaru [*****.]
Gold:   1553       SH: 10    Dex: 16    Spells: 16/19 levels left

rFire   . . .      SeeInvis .   w - +3 broad axe (venom)
rCold   . . .      Faith    .   f - +3 warlock's mirror {reflect}
rNeg    . . .      Spirit   .   v - +4 scale mail {Will+}
rPois   +          Reflect  +   n - +2 hat {Stlth+}
rElec   +          Harm     .   (cloak unavailable)
rCorr   .          Rampage  +   K - +0 pair of gloves of Pafemaob {rElec Regen+ Int-2 Dex-2}
Will    ++...                   J - +2 pair of boots {rampage}
Stlth   +++.......              p - amulet of regeneration
HPRegen 1.97/turn               A - ring of poison resistance
MPRegen 0.22/turn               b - +6 ring of strength

@: corroded, sanguine armoured, studying Maces & Flails
A: (demonic guardian 2), foul stench 3, robust 1, sanguine armour 3, weakness
stinger 3
a: Renounce Religion, Heroism, Finesse, Duel


You were on level 3 of the Spider Nest.
You worshipped Okawaru.
Okawaru was extremely pleased with you.
You visited 5 branches of the dungeon, and saw 27 of its levels.

You collected 2513 gold pieces.
You spent 960 gold pieces at shops.

Inventory:

Hand Weapons
 a - a +8 vampiric demon blade
 h - a +1 lajatang of speed
 i - a +2 broad axe of flaming
 s - the +5 hunting sling "Death Rattle" {freeze, rElec rC+ Will-}
   (You found it on level 3 of the Dungeon)

   Any ammunition fired from it freezes those it strikes, dealing additional
   cold damage.
   It can also slow down cold-blooded creatures.
   rC:        It protects you from cold.
   rElec:     It insulates you from electricity.
   Will:      It decreases your willpower.
 u - the +10 whip of Pitz {speed, rElec Will+ SInv}
   (You took it off a meliai on level 4 of the Lair of Beasts)

   Attacks with this weapon are significantly faster.
   rElec:     It insulates you from electricity.
   SInv:      It lets you see invisible.
   Will:      It increases your willpower.
 w - a +3 broad axe of venom (weapon)
 x - the +10 battleaxe of Git Hes {drain, rCorr Int-4 Dex+7}
   (Okawaru gifted it to you on level 2 of the Spider Nest)

   A truly terrible weapon, it drains the life of any living foe it strikes.
   Int:       It affects your intelligence (-4).
   Dex:       It affects your dexterity (+7).
   rCorr:     It protects you from acid and corrosion.
 G - the +8 lance "Wyrmbane" {slay drac, rPois rF+ rC+ AC+3}
   (You found it on level 3 of the Spider Nest)

   It inflicts extra damage against dragons and draconians.
   AC:        It affects your AC (+3).
   rF:        It protects you from fire.
   rC:        It protects you from cold.
   rPois:     It protects you from poison.
 H - the +8 hand axe "Dosiqar" {vorpal, rElec Str+4 Int-5}
   (You bought it in a shop on level 5 of the Dungeon)

   It inflicts extra damage upon your enemies.
   Str:       It affects your strength (+4).
   Int:       It affects your intelligence (-5).
   rElec:     It insulates you from electricity.
 S - a +0 triple crossbow
Missiles
 d - 11 throwing nets
 m - 56 boomerangs (quivered)
 r - 6 boomerangs of dispersal
 C - 37 javelins
 N - 7 atropa-tipped darts
Armour
 f - the +3 warlock's mirror (worn) {reflect}
   (You found it on level 10 of the Dungeon)

   It can block and reflect piercing ranged attacks and magical attacks against
   the wielder's willpower.
 n - a +2 hat of stealth (worn)
 v - a +4 scale mail of willpower (worn)
 J - a +2 pair of boots of rampaging (worn)
 K - the +0 pair of gloves of Pafemaob (worn) {rElec Regen+ Int-2 Dex-2}
   (Okawaru gifted it to you on level 12 of the Dungeon)

   Int:       It affects your intelligence (-2).
   Dex:       It affects your dexterity (-2).
   rElec:     It insulates you from electricity.
   Regen:     It increases your rate of health regeneration.
Jewellery
 b - a +6 ring of strength (right hand)
 g - a +4 ring of protection
 p - an amulet of regeneration (around neck)
 A - a ring of poison resistance (left hand)
Wands
 c - a wand of digging (25)
 o - a wand of mindburst (14)
 B - a wand of flame (5)
 M - a wand of iceblast (18)
 R - a wand of acid (2)
 W - a wand of paralysis (8)
Scrolls
 l - a scroll of immolation
 y - 8 scrolls of teleportation
 E - 3 scrolls of blinking
 L - 7 scrolls of fear
 O - a scroll of magic mapping
 Z - 4 scrolls of fog
Potions
 e - 7 potions of haste
 j - 8 potions of flight
 k - a potion of magic
 q - a potion of invisibility
 t - 2 potions of might
 z - a potion of attraction
 D - 2 potions of resistance
 F - a potion of curing
 I - 4 potions of lignification
 Q - a potion of berserk rage
 U - a potion of heal wounds
 V - a potion of cancellation
 X - 3 potions of ambrosia
Miscellaneous
 P - a piece from Xom's chessboard (14/15)


   Skills:
 + Level 13.4 Fighting
 + Level 3.1 Short Blades
 - Level 15.5 Axes
 + Level 6.2(7.0) Slings
 + Level 4.6(6.2) Throwing
 + Level 10.4 Armour
 + Level 9.0 Dodging
 + Level 6.2 Stealth
 * Level 11.9 Shields
 + Level 0.5 Spellcasting
 + Level 0.2 Ice Magic
 * Level 17.0 Invocations
 + Level 2.4 Evocations


You had 16 spell levels left.
You knew the following spells:

 Your Spells              Type           Power      Damage    Failure   Level
a - Frozen Ramparts       Ice            0%         1d2       96%         3

Your spell library contained the following spells:

 Spells                   Type           Power      Damage    Failure   Level
 Foxfire                  Conj/Fire      0%         2x1d4     71%         1
 Blink                    Tloc           0%         N/A       85%         2
 Static Discharge         Conj/Air       0%         N/A       85%         2
 Ozocubu's Armour         Ice            0%         N/A       96%         3
 Conjure Flame            Conj/Fire      0%         6-21      97%         3
 Inner Flame              Hex/Fire       0%         N/A       97%         3
 Lesser Beckoning         Tloc           0%         N/A       97%         3
 Flame Wave               Conj/Fire      0%         2d4       100%        4
 Ice Form                 Ice/Tmut       0%         N/A       100%        4
 Alistair's Intoxication  Tmut/Pois      0%         N/A       100%        5
 Borgnjor's Vile Clutch   Necr/Erth      0%         N/A       100%        5
 Lightning Bolt           Conj/Air       0%         1d11      100%        5
 Manifold Assault         Tloc           0%         N/A       100%        5
 Metabolic Englaciation   Hex/Ice        0%         N/A       100%        5
 Eringya's Noxious Bog    Tmut/Pois      0%         N/A       100%        6
 Maxwell's Capacitive Co  Air            0%         ∞         100%        8
 Summon Ice Beast         Ice/Summ       Unusable   N/A       N/A         4
 Simulacrum               Ice/Necr       Unusable   N/A       N/A         6

Dungeon Overview and Level Annotations

Branches:
Dungeon (14/15)            Temple (1/1) D:6            Lair (6/6) D:10
  Swamp (0/4) Lair:4       Spider (4/4) Lair:3        Slime (0/5) Lair:6
    Orc (2/2) D:12            Elf (0/3) Orc:2
 Vaults: D:13-14

Altars:
Ashenzari
Cheibriados
Dithmenos
Elyvilon
Fedhas
Gozag
Hepliaklqana
Kikubaaqudgha
Makhleb
Nemelex Xobeh
Okawaru
Qazlal
Ru
Sif Muna
Trog
Uskayaw
Vehumet
Wu Jian
Xom
Yredelemnul
Zin
The Shining One
Jiyva

Shops:
D:3 (   D:4 (   D:5 (   D:7 !   D:10 [   D:12 (   Orc:1 =[(   Orc:2 ([*:

Annotations:
D:6 Pikel
D:10 3 runed translucent doors, drugrobin's ghost, journeyman DgWr
Lair:4 exclusion: 4 oklob plants


Innate Abilities, Weirdness & Mutations

((A demonic guardian rushes to your aid.))
You frequently emit foul miasma when damaged in melee.
You are robust. (+10% HP)
When seriously injured, your blood forms very thick armour. (AC +12)
You have a sharp stinger which inflicts weakening toxins.


Message History

The culicivora goes berserk!
The culicivora bites you!
The culicivora draws strength from your injuries!
You completely miss the moth of wrath.
You tail-slap the moth of wrath, but do no damage.
The moth of wrath is lightly wounded.
You hit the culicivora but do no damage.
The culicivora is poisoned.
You slash the tarantella!
The tarantella is poisoned.
The tarantella is engulfed in dark miasma.
The tarantella looks even sicker.
The tarantella touches you but does no damage.
The culicivora completely misses you.
The tarantella is engulfed in dark miasma.
The tarantella looks as sick as possible!
The tarantella seems to slow down.
The tarantella touches you!
* * * LOW HITPOINT WARNING * * *
The culicivora bites you!!
* * * LOW HITPOINT WARNING * * *
The culicivora draws strength from your injuries!
You feel better. The culicivora closely misses you.
The tarantella is engulfed in dark miasma.
The tarantella looks as sick as possible!
The tarantella seems to slow down.
The tarantella touches you.
* * * LOW HITPOINT WARNING * * *
You are confused.
The moth of wrath bites you but does no damage.
The culicivora barely misses you.
The tarantella is engulfed in dark miasma.
The tarantella looks as sick as possible!
The tarantella barely misses you.
You feel better.
The culicivora bites you but does no damage.
The tarantella is engulfed in dark miasma.
The tarantella looks as sick as possible!
You kill the tarantella!
Okawaru accepts your kill. You block the culicivora's attack.
The moth of wrath bites you!
* * * LOW HITPOINT WARNING * * *
The culicivora completely misses you. The culicivora bites you!!
You die...

#.....#.^...#.......###
##..^.......#.<..####.#
##........^##..##....#
#########.......#.)).....#
##...##..###.#####.^......#
##.........####.^###.#.....#
##..........##..[## ####.[..#
#...............y>######....#
.....#.†........@s^.##......#
#...##>...#..#......#......##
#...#.†#.######.....###^...#
....######....##....##....##
.^..#.........#^....#.....##
...##.........#.....##.....#
#..#..........##....^####..##
...#..........#......###....#
...#.....^...####..........##


You could see a moth of wrath (poisoned, slow) and a culicivora (berserk, very
poisoned).

Vanquished Creatures
  Arachne (Arena)
  Asterion (Spider:1)
  Kirke (Spider:3)
  Agnes (Spider:1)
  5 emperor scorpions
  An orc warlord (Orc:2)
  3 ghost moths
  The ghost of jlumianski the Bludgeoner, a journeyman DsGl of Trog (Lair:5)
  3 broodmothers
  2 entropy weavers
  7 spark wasps
  Snorg (Lair:2)
  Josephine (D:10)
  The ghost of shoop the Markself, a journeyman DEAM of Fedhas (D:13)
  15 hydras
  4 boulder beetles
  An ogre mage (D:10)
  6 centaur warriors
  9 death yaks (Lair:5)
  4 jorogumos
  4 two-headed ogres
  A dancing weapon (D:14)
  4 orc high priests (Orc:2)
  Sonja (Lair:2)
  4 skeletal warriors (D:13)
  7 pharaoh ants
  A sun moth (Spider:3)
  7 orb spiders
  16 steelbarb worms
  A deep elf archer (D:12)
  2 lindwurms
  6 orc knights
  2 deep elf pyromancers (D:13)
  A wolf spider (shapeshifter) (D:13)
  21 wolf spiders
  An oklob plant (Lair:4)
  4 orc sorcerers
  An ugly thing (D:13)
  24 elephants
  2 cyclopes
  6 moths of wrath
  4 black mambas
  17 cane toads
  Psyche (D:12)
  12 komodo dragons
  6 torpor snails
  An efreet (D:13)
  An unseen horror (D:12)
  Maggie (D:7)
  7 rime drakes
  10 demonic crawlers
  4 gargoyles
  A yaktaur (D:13)
  A tengu conjurer (D:13)
  9 meliai
  4 hornets (Lair:6)
  A queen bee (Lair:4)
  8 trolls
  5 polar bears
  24 tarantellas
  25 blink frogs
  10 slime creatures
  5 dream sheep
  14 jumping spiders
  13 spriggans (Lair:6)
  3 shadows
  18 culicivoras
  Sigmund (D:6)
  6 wraiths
  6 wyverns
  45 yaks
  10 basilisks
  A vampire (D:11)
  Menkaure (D:7)
  A steam dragon (D:7)
  6 vampire mosquitoes
  6 hogs (Spider:3)
  Edmund (D:6)
  2 swamp worms (Lair:4)
  37 redbacks
  A warg (Orc:1)
  16 water moccasins
  An acid dragon (D:13)
  Duvessa (D:7)
  46 orc warriors
  7 black bears
  9 ogres
  38 wolves
  4 boggarts (Lair:6)
  2 lemures (D:6)
  11 centaurs
  4 kobold brigands
  Blork the orc (D:6)
  13 bullfrogs
  4 scorpions
  5 gnoll sergeants
  Dowan (D:7)
  37 killer bees
  3 howler monkeys
  8 wights (D:8)
  3 electric eels (Spider:2)
  17 orc priests
  Crazy Yiuf (D:2)
  3 hounds
  3 jellies
  Jessica (D:2)
  27 orc wizards
  6 iguanas
  A hell rat (Lair:4)
  Robin (D:2)
  15 gnolls
  15 adders
  A shadow imp (D:7)
  An ufetubus (D:6)
  5 worms
  3 dart slugs
  74 orcs
  5 endoplasms
  A giant cockroach (Lair:3)
  9 goblins
  10 hobgoblins
  2 quokkas
  11 ball pythons
  4 bats (D:1)
  4 frilled lizards
  14 kobolds
  5 rats
966 creatures vanquished.

Vanquished Creatures (others)
  An unseen horror (D:13)
  A tarantella (Spider:1)
  A slime creature (D:13)
  A jumping spider (Spider:4)
  An orc wizard (Orc:2)
  77 fungi
  115 plants
197 creatures vanquished.

Grand Total: 1163 creatures vanquished

Notes
Turn   | Place    | Note
-------+----------+-------------------------------------------
     0 | D:1      | jlumianski the Demonspawn Gladiator began the quest for the
                  | Orb.
     0 | D:1      | Reached XP level 1. HP: 16/16 MP: 1/1
   407 | D:1      | Gained mutation: You may rarely emit foul miasma when
                  | damaged in melee. [demonic ancestry]
   407 | D:1      | Reached XP level 2. HP: 22/22 MP: 2/2
   883 | D:1      | Found a faded altar of an unknown god.
  1302 | D:2      | Gained mutation: You sometimes emit foul miasma when
                  | damaged in melee. [demonic ancestry]
  1302 | D:2      | Reached XP level 3. HP: 19/27 MP: 3/3
  1407 | D:2      | Noticed Jessica
  1427 | D:2      | Killed Jessica
  1428 | D:2      | Reached skill level 1 in Short Blades
  1496 | D:2      | Noticed Robin
  1532 | D:2      | Gained mutation: You have a small tail. [demonic ancestry]
  1532 | D:2      | Reached XP level 4. HP: 33/33 MP: 4/4
  1568 | D:2      | Killed Robin
  1748 | D:2      | Reached skill level 1 in Armour
  1849 | D:2      | Found a runed translucent door.
  1850 | D:2      | Noticed Crazy Yiuf
  2062 | D:2      | Killed Crazy Yiuf
  2113 | D:3      | Identified the +5 hunting sling "Death Rattle" {freeze,
                  | rElec rC+ Will-}
  2198 | D:3      | Identified the +0 scale mail of Pathos {+Inv Str+2 Dex+3}
  2327 | D:3      | Found an ornate altar of the Wu Jian Council.
  2330 | D:3      | Reached XP level 5. HP: 38/38 MP: 5/5
  2617 | D:3      | Found Kamanece's Antique Weapon Emporium.
  2922 | D:4      | Learned a level 3 spell: Frozen Ramparts
  2960 | D:4      | Found a shadowy altar of Dithmenos.
  3124 | D:4      | Reached skill level 1 in Stealth
  3299 | D:4      | Found Courak's Weapon Shop.
  3329 | D:4      | Noticed a black bear
  3341 | D:4      | Killed a black bear
  3342 | D:4      | Reached skill level 1 in Slings
  3342 | D:4      | Gained mutation: You have a tail ending in a sharp stinger.
                  | [demonic ancestry]
  3342 | D:4      | Reached XP level 6. HP: 46/46 MP: 2/6
  3932 | D:5      | Entered Level 5 of the Dungeon
  3946 | D:5      | Found Plog's Antique Weapon Boutique.
  3950 | D:5      | Bought a masterwork hand axe for 168 gold pieces
  3950 | D:5      | Identified the +8 hand axe "Dosiqar" {vorpal, rElec Str+4
                  | Int-5} (You bought it in a shop on level 5 of the Dungeon)
  4024 | D:5      | Gained mutation: You have a sharp stinger which inflicts
                  | weakening toxins. [demonic ancestry]
  4024 | D:5      | Reached XP level 7. HP: 51/51 MP: 7/7
  4222 | D:5      | Identified the +2 hunting sling "Deeru" {venom, Dex+3}
  4602 | D:5      | Found a stormy altar of Qazlal.
  4603 | D:5      | Found an opulent altar of Gozag.
  4848 | D:6      | Noticed a troll
  4862 | D:5      | Killed a troll
  4863 | D:5      | Reached XP level 8. HP: 43/60 MP: 8/8
  5271 | D:6      | Found a staircase to the Ecumenical Temple.
  5288 | Temple   | Entered the Ecumenical Temple
  5320 | Temple   | Became a worshipper of Warmaster Okawaru
  5351 | D:6      | Noticed Blork the orc
  5360 | D:6      | Killed Blork the orc
  5613 | D:6      | Noticed Pikel
  5760 | D:6      | Noticed Edmund
  5789 | D:6      | Killed Edmund
  5825 | D:6      | Noticed Sigmund
  5831 | D:6      | Killed Sigmund
  5831 | D:6      | Reached * piety under Okawaru
  5832 | D:6      | Reached skill level 5 in Axes
  6430 | D:7      | Noticed Menkaure
  6434 | D:7      | Killed Menkaure
  6513 | D:7      | Found a sacrificial altar of Ru.
  6591 | D:7      | Gained mutation: When seriously injured, your blood forms
                  | armour. (AC +12) [demonic ancestry]
  6591 | D:7      | Reached XP level 9. HP: 67/67 MP: 9/9
  6611 | D:7      | Reached skill level 1 in Shields
  6614 | D:7      | Reached skill level 1 in Invocations
  6824 | D:7      | Found Lyriet's Distillery.
  6833 | D:7      | Bought 2 potions of curing for 90 gold pieces
  6835 | D:7      | Noticed Duvessa
  6835 | D:7      | Noticed Dowan
  6854 | D:6      | Identified a scroll of acquirement
  6854 | D:6      | Acquired a +1 hat of stealth
  7079 | D:7      | Noticed Maggie
  7091 | D:7      | Killed Maggie
  7092 | D:7      | Reached skill level 5 in Fighting
  7092 | D:7      | Reached skill level 5 in Slings
  7092 | D:7      | Reached skill level 2 in Invocations
  7172 | D:7      | Killed Duvessa
  7186 | D:7      | Killed Dowan
  7793 | D:8      | Reached skill level 3 in Invocations
  7996 | D:8      | Acquired a manual of Maces & Flails
  8121 | D:8      | Reached ** piety under Okawaru
  8127 | D:8      | Reached skill level 4 in Invocations
  9165 | D:9      | Found a radiant altar of Vehumet.
  9299 | D:9      | Found a radiant altar of Vehumet.
  9644 | D:9      | Noticed a troll
  9654 | D:9      | Killed a troll
  9719 | D:9      | Reached skill level 5 in Invocations
  9720 | D:9      | Reached XP level 10. HP: 75/75 MP: 13/13
  9811 | D:10     | Entered Level 10 of the Dungeon
  9857 | D:10     | Found Yhuhen's Antique Armour Shoppe.
  9888 | D:10     | Found a runed translucent gate.
  9888 | D:10     | Found a runed translucent gate.
  9888 | D:10     | Found a runed translucent gate.
  9891 | D:10     | Noticed a spectral centaur warrior
  9891 | D:10     | Noticed drugrobin's ghost (journeyman DgWr)
  9892 | D:10     | Noticed a spectral centaur warrior
 10055 | D:10     | Found the +3 warlock's mirror {reflect}
 10057 | D:10     | Noticed a boulder beetle
 10057 | D:10     | Noticed an ogre mage
 10057 | D:10     | Noticed a two-headed ogre
 10062 | D:10     | Paralysed by an ogre mage for 2 turns
 10068 | D:10     | Killed a two-headed ogre
 10068 | D:10     | Reached *** piety under Okawaru
 10102 | D:10     | Paralysed by something for 7 turns
 10128 | D:10     | Paralysed by an ogre mage for 3 turns
 10487 | D:9      | Killed a boulder beetle
 10622 | D:9      | Reached skill level 6 in Invocations
 10637 | D:10     | Reached skill level 5 in Armour
 10695 | D:10     | Reached **** piety under Okawaru
 10848 | D:10     | Found a staircase to the Lair.
 10885 | D:10     | Noticed Josephine
 10963 | D:10     | Killed Josephine
 11187 | D:10     | Killed an ogre mage
 11188 | D:10     | Reached skill level 5 in Dodging
 11188 | D:10     | Reached skill level 7 in Invocations
 11188 | D:10     | Gained mutation: A weak demonic guardian rushes to your
                  | aid. [demonic ancestry]
 11188 | D:10     | Reached XP level 11. HP: 83/83 MP: 9/16
 11700 | Lair:1   | Entered Level 1 of the Lair of Beasts
 11837 | D:11     | Received a gift from Okawaru
 12172 | D:11     | Noticed a two-headed ogre
 12181 | D:11     | Killed a two-headed ogre
 12403 | D:11     | Noticed a two-headed ogre
 12416 | D:11     | Killed a two-headed ogre
 12558 | D:11     | Noticed a two-headed ogre
 12568 | D:11     | Killed a two-headed ogre
 12568 | D:11     | Reached ***** piety under Okawaru
 12851 | D:11     | Noticed an orc knight
 12852 | D:11     | Noticed an orc sorcerer
 12871 | D:11     | Reached skill level 8 in Invocations
 12897 | D:10     | Killed an orc knight
 13273 | D:12     | Noticed Psyche
 13326 | D:12     | Killed Psyche
 13326 | D:12     | Received a gift from Okawaru
 13642 | D:12     | Noticed a deep elf archer
 13658 | D:12     | Killed a deep elf archer
 13825 | D:12     | Noticed a centaur warrior
 13846 | D:12     | Killed a centaur warrior
 14191 | D:12     | Identified the +1 robe of Orthodoxy {Archmagi}
 14241 | D:12     | Identified the +1 leather armour of the Mind {Harm Regen+}
 14290 | D:12     | Noticed an orc knight
 14291 | D:12     | Found an iron altar of Okawaru.
 14362 | D:11     | Killed an orc knight
 14363 | D:11     | Reached skill level 9 in Invocations
 14690 | D:12     | Reached XP level 12. HP: 84/92 MP: 18/18
 14777 | D:12     | Identified the +10 great mace of Wu Jian's Supremacy
                  | {vorpal, Str-3 Dex+9}
 14981 | D:12     | Identified the +0 pair of gloves of Pafemaob {rElec Regen+
                  | Int-2 Dex-2} (Okawaru gifted it to you on level 12 of the
                  | Dungeon)
 14981 | D:12     | Received a gift from Okawaru
 15067 | D:12     | Found a staircase to the Orcish Mines.
 15652 | D:12     | Found Jufaha's Weapon Shop.
 15839 | D:13     | Reached skill level 5 in Shields
 16021 | D:13     | Noticed a boulder beetle
 16023 | D:13     | Noticed a centaur warrior
 16032 | D:13     | Killed a boulder beetle
 16033 | D:13     | Reached skill level 10 in Invocations
 16087 | D:13     | Killed a centaur warrior
 16427 | D:13     | Found a runed translucent gate.
 16427 | D:13     | Found a runed translucent gate.
 16427 | D:13     | Found a runed translucent gate.
 16428 | D:13     | Noticed a 12-headed hydra
 16428 | D:13     | Noticed a 12-headed hydra
 16430 | D:13     | Noticed shoop's ghost (journeyman DEAM)
 16557 | D:13     | Noticed a centaur warrior
 16573 | D:13     | Killed a centaur warrior
 16577 | D:13     | Reached skill level 10 in Axes
 16580 | D:13     | Noticed an ice dragon
 16612 | D:13     | an ice dragon changed into a wolf spider
 16627 | D:13     | Noticed a centaur warrior
 16654 | D:13     | Killed a centaur warrior
 16746 | D:13     | Noticed a centaur warrior
 16751 | D:13     | Noticed a five-headed hydra
 16764 | D:13     | Killed a centaur warrior
 16767 | D:13     | Noticed a centaur warrior
 16777 | D:13     | Received a gift from Okawaru
 16778 | D:13     | Reached skill level 11 in Invocations
 16778 | D:13     | Gained mutation: When seriously injured, your blood forms
                  | thick armour. (AC +12) [demonic ancestry]
 16778 | D:13     | Reached XP level 13. HP: 96/99 MP: 18/21
 16838 | D:13     | Identified the +0 ring mail "Qidghopte" {rElec rC+ Str+3}
 17175 | D:13     | Killed shoop's ghost
 17999 | Orc:1    | Entered Level 1 of the Orcish Mines
 17999 | Orc:1    | Found Rarra's Weapon Boutique.
 18037 | Orc:1    | Found Suwehy's Armour Boutique.
 18188 | Orc:2    | Entered Level 2 of the Orcish Mines
 18294 | Orc:1    | Found Qucywuuh's Jewellery Shoppe.
 18306 | Orc:1    | Bought a +6 ring of strength for 702 gold pieces
 18594 | Orc:1    | Reached skill level 12 in Invocations
 18621 | Orc:1    | Reached skill level 5 in Stealth
 18660 | Orc:2    | Noticed an orc warlord
 19007 | Orc:1    | Received a gift from Okawaru
 19032 | Orc:2    | Paralysed by an orc sorcerer for 2 turns
 19458 | Orc:2    | Killed an orc warlord
 19458 | Orc:2    | Identified the +1 robe of Dawn {Fly Archmagi} (Okawaru
                  | gifted it to you on level 2 of the Orcish Mines)
 19458 | Orc:2    | Received a gift from Okawaru
 19805 | Orc:2    | Found Unup's General Store.
 19805 | Orc:2    | Found Yrai's Book Emporium.
 19806 | Orc:2    | Found Kohulud's Antique Armour Emporium.
 19806 | Orc:2    | Found Emmaininn's Antique Weapon Shoppe.
 20016 | Orc:2    | Found a staircase to the Elven Halls.
 20395 | Lair:1   | Reached XP level 14. HP: 108/108 MP: 23/23
 20695 | Lair:1   | Acquired an amulet of regeneration
 21655 | Lair:2   | Noticed Sonja
 21721 | Lair:2   | Killed Sonja
 22228 | Lair:2   | Reached skill level 13 in Invocations
 22476 | Lair:3   | Noticed Snorg
 22503 | Lair:2   | Killed Snorg
 22524 | Lair:3   | Found a hole to the Spider Nest.
 22595 | Lair:3   | Received a gift from Okawaru
 22769 | Lair:3   | Reached skill level 10 in Fighting
 22852 | Lair:3   | Received a gift from Okawaru
 22942 | Lair:3   | Identified the +1 leather armour of Jaiphuv {Int+3 Slay+2}
 23444 | Lair:3   | Reached skill level 14 in Invocations
 23533 | Lair:3   | Upgraded the game from 0.29-a0-219-g0a02b1cf4f to
                  | 0.29-a0-221-gceb61267dd
 23745 | Lair:4   | Received a gift from Okawaru
 24167 | Lair:4   | Identified the +10 whip of Pitz {speed, rElec Will+ SInv}
 24177 | Lair:4   | Gained mutation: When seriously injured, your blood forms
                  | very thick armour. (AC +12) [demonic ancestry]
 24177 | Lair:4   | Reached XP level 15. HP: 77/116 MP: 25/25
 24344 | Lair:4   | Found a staircase to the Swamp.
 25237 | Lair:5   | You fall into a shaft and drop 1 floor!
 25237 | Lair:6   | Entered Level 6 of the Lair of Beasts
 25251 | Lair:6   | Found a viscous altar of Jiyva.
 25252 | Lair:6   | Found a staircase to the Slime Pits.
 26103 | Lair:5   | Received a gift from Okawaru
 26334 | Lair:5   | Reached ****** piety under Okawaru
 26340 | Lair:5   | Reached skill level 15 in Invocations
 26388 | Lair:6   | Received a gift from Okawaru
 26392 | Lair:6   | Paralysed by a hornet for 2 turns
 26724 | Lair:6   | Paralysed by a hornet for 2 turns
 26921 | Lair:6   | Identified the +0 pair of gloves of Inaction {rElec rN+
                  | rCorr MP+9} (Okawaru gifted it to you on level 6 of the
                  | Lair of Beasts)
 26921 | Lair:6   | Received a gift from Okawaru
 26937 | Lair:6   | Found a runed translucent door.
 26937 | Lair:6   | Noticed jlumianski's ghost (journeyman DsGl)
 27795 | Lair:5   | Killed jlumianski's ghost
 28270 | Spider:1 | Entered Level 1 of the Spider Nest
 28358 | Lair:3   | Gained mutation: You frequently emit foul miasma when
                  | damaged in melee. [demonic ancestry]
 28358 | Lair:3   | Reached XP level 16. HP: 91/126 MP: 27/27
 28459 | Spider:1 | Reached skill level 15 in Axes
 28509 | Lair:3   | Reached skill level 1 in Evocations
 28509 | Lair:3   | Gained mutation: A demonic guardian rushes to your aid.
                  | [demonic ancestry]
 28509 | Lair:3   | Reached XP level 17. HP: 133/133 MP: 6/28
 28612 | Lair:3   | Reached XP level 18. HP: 140/140 MP: 29/29
 28820 | Spider:1 | Reached skill level 10 in Shields
 28942 | Spider:1 | Noticed Asterion
 28970 | Spider:1 | Killed Asterion
 29033 | Spider:1 | Reached skill level 16 in Invocations
 29135 | Spider:1 | Received a gift from Okawaru
 29210 | Spider:1 | Noticed Agnes
 29225 | Spider:1 | Killed Agnes
 29522 | Spider:2 | Noticed Arachne
 29523 | Arena    | Entered the Arena
 29540 | Arena    | Killed Arachne
 29716 | Spider:2 | Identified the +10 battleaxe of Git Hes {drain, rCorr Int-4
                  | Dex+7} (Okawaru gifted it to you on level 2 of the Spider
                  | Nest)
 29716 | Spider:2 | Received a gift from Okawaru
 30163 | Spider:2 | Reached skill level 10 in Armour
 30424 | Spider:3 | Found the +8 lance "Wyrmbane" {slay drac, rPois rF+ rC+
                  | AC+3}
 30620 | Spider:4 | Entered Level 4 of the Spider Nest
 30853 | Spider:3 | Noticed Kirke
 30873 | Spider:3 | Killed Kirke
 31177 | Spider:3 | Received a gift from Okawaru
 32356 | Spider:4 | Gained mutation: You are robust. (+10% HP) [demonic
                  | ancestry]
 32356 | Spider:4 | Reached XP level 19. HP: 132/163 MP: 31/31
 32493 | Spider:4 | Reached skill level 17 in Invocations
 32672 | Spider:3 | Slain by a culicivora

Illustrated notes

Levels and vault maps discovered:
D:1:      tarquinn_simple_flora_water_d, layout_loops_ring,
          hellmonk_ecumenical_altar_crossroads, dk_noncrumbling_2,
          minmay_domino_4
D:2:      layout_loops_ring, uniq_jessica, uniq_crazy_yiuf_cottage, uniq_robin
D:3:      layout_loops_ring, lemuel_tele_altar, serial_shops, shop,
          saegor_snake_ambush
D:4:      layout_loops_ring, lemuel_crystal_altar, serial_shops, shop,
          minmay_snake_closets
D:5:      layout_loops_ring, nicolae_overflow_squiral, serial_shops, shop
D:6:      layout_rooms, minmay_temple_entry_offerings, minmay_misc_feat_alley,
          sigmund_army, uniq_blork_the_orc, uniq_pikel, uniq_edmund
D:7:      hellmonk_warped_wall, layout_cave_pools, mainiacjoe_overflow_24_doors,
          serial_shops, shop, nicolae_zen_rock_garden, uniq_menkaure,
          uniq_maggie, uniq_duvessa
D:8:      layout_gridville, kennysheep_generic_room_5
D:9:      layout_long_grid, nicolae_vehumet_altar_sigil, kennysheep_flooded_box,
          kennysheep_cross_bottleneck
D:10:     layout_basic, lair_entry_dummy, serial_shops,
          nicolae_shop_behind_doors, gammafunk_ghost_necromancy, minmay_radiant,
          uniq_josephine
D:11:     layout_stronghold
D:12:     evilmike_iron_armoury, layout_basic,
          kennysheep_orc_monster_closet_entryway, serial_shops,
          nicolae_shop_stone, uniq_psyche
D:13:     minmay_the_grid_four_pointed_star
          [minmay_the_grid_triangle_9x9_from_above,
          minmay_the_grid_triangle_9x9_pentomino_pain,
          minmay_the_grid_triangle_9x9_checkered,
          minmay_the_grid_triangle_9x9_negative_grid,
          minmay_the_grid_prize_four_corners], layout_long_grid, serial_glass,
          glass_columns_a, glass_columns_b, glass_columns_a, glass_columns_c,
          glass_columns_a, glass_columns_b, item_on_display_a,
          minmay_strange_pillars, due_unseen_surprise, feat_on_display,
          gammafunk_ghost_hydra_chop, minmay_misc_feat_tower
D:14:     layout_long_grid, erik_vaults_1, serial_shops,
          nicolae_shop_hallway_plus, kennysheep_four_rooms
Temple:   lightli_temple_of_artemis
Lair:1:   layout_gridlike, grunt_megastairs_2, serial_bayou_shore_b,
          infiniplex_staircase_pool
Lair:2:   layout_cave_pods, uniq_sonja
Lair:3:   layout_gridlike, nicolae_spider_entry_non_spiders, st_stairs_12,
          lemuel_old_faithful, uniq_snorg
Lair:4:   hangedman_what_comes_after_a, layout_layer_cave,
          palyth_hydra_swamp_entry, minivault_26
Lair:5:   layout_regular_city, serial_bayou_crossing
Lair:6:   minmay_lair_end_enchanted_forest, layout_regular_city, slime_altar_1,
          gammafunk_ghost_grave, grunt_megastairs_3, serial_bayou_shore_a
Spider:1: nicolae_spider_hall_of_the_moth_king, uniq_asterion, uniq_agnes
Spider:2: layout_spider_delve, uniq_arachne
Spider:3: layout_spider_delve, drop_trap, hellmonk_narrow_tunnel, uniq_kirke
Spider:4: hellmonk_spider_rune_endless_swarm
Orc:1:    layout_caves, serial_shops, shop, nicolae_shop_hallway_plus,
          nicolae_shop_hallway_stairs
Orc:2:    st_orc_congregation, layout_diamond_mine

Skill      XL: |  1  2  3  4  5  6  7  8  9 10 11 12 13 14 15 16 17 18 19 |
---------------+----------------------------------------------------------+-----
Dodging        | 3 4 5 6 7 8 9 |  9.0
Axes           | 3 4 5 6 7 9 10 12 13 14 15 | 15.5
Throwing       | 2 3 4 |  4.6
Short Blades   | 1 2 3 |  3.1
Armour         | 1 3 5 6 7 8 9 10 | 10.4
Stealth        | 1 2 3 4 5 6 |  6.2
Slings         | 1 2 3 4 5 6 |  6.2
Fighting       | 3 4 5 6 7 8 9 10 11 13 | 13.4
Shields        | 2 3 4 5 7 9 11 | 11.9
Invocations    | 5 7 9 11 12 14 15 16 17 | 17.0
Evocations     | 1 2 |  2.4
Spellcasting   | |  0.5
Ice Magic      | |  0.2

Action                   |  1- 3 |  4- 6 |  7- 9 | 10-12 | 13-15 | 16-18 | 19-21 || total
-------------------------+-------+-------+-------+-------+-------+-------+-------++-------
Melee: Dagger            |   122 |    91 |       |       |       |       |       ||   213
       War axe           |     2 |       |       |       |       |       |       ||     2
       Punch             |     3 |     2 |       |       |       |       |       ||     5
       Tailslap          |       |     6 |    49 |   115 |   292 |   145 |    27 ||   634
       Hand axe          |       |     9 |   244 |   558 |       |       |       ||   811
       Broad axe         |       |       |       |       |  1646 |   613 |   114 ||  2373
 Fire: Hunting sling     |       |    71 |    43 |    27 |       |       |       ||   141
Throw: Stone             |     4 |       |       |       |       |       |       ||     4
       Throwing net      |       |     1 |       |       |       |       |       ||     1
       Boomerang         |       |       |       |    11 |    36 |    33 |     7 ||    87
Invok: Heroism           |       |       |     2 |     5 |    11 |     2 |     1 ||    21
       Finesse           |       |       |       |     2 |    13 |     5 |     1 ||    21
       Duel              |       |       |       |       |       |     1 |       ||     1
Evoke: Wand              |       |       |       |     2 |     1 |       |       ||     3
       Piece from Xom's  |       |       |       |       |       |     1 |     1 ||     2
  Use: Scroll            |     5 |     4 |    14 |     5 |    14 |     3 |       ||    45
       Potion            |     1 |       |     2 |     2 |     1 |     6 |     3 ||    15
 Stab: Sleeping          |     1 |     8 |       |     3 |    12 |     3 |       ||    27
       Distracted        |       |       |       |     2 |     3 |     2 |       ||     7
       Petrified         |       |       |       |       |     2 |       |       ||     2
Armor: Ring mail         |    40 |       |       |       |       |       |       ||    40
       Leather armour    |     1 |       |       |       |       |       |       ||     1
       Robe              |     4 |    34 |    35 |       |       |       |       ||    73
       Scale mail        |       |       |    53 |   183 |   882 |   342 |    45 ||  1505
Dodge: Dodged            |    61 |    76 |   130 |   251 |   866 |   368 |    73 ||  1825
Block: Kite shield       |       |       |    80 |    85 |   112 |       |       ||   277
       Buckler           |       |       |       |   199 |   723 |   347 |    61 ||  1330
       Reflection        |       |       |       |    35 |    29 |     5 |       ||    69

Table legend: (Time is in decaauts)
 A = Elapsed time spent in this place.
 B = Non-inter-level travel time spent in this place.
 C = Inter-level travel time spent in this place.
 D = Time resting spent in this place.
 E = Time spent auto-exploring this place.
 F = Levels seen in this place.
 G = Mean time per level.
                   A        B        C        D        E       F      G
               +--------+--------+--------+--------+--------+-----+--------+
         Total |  32613 |  31149 |   1464 |   3653 |  15676 |  28 | 1164.8 |
       Dungeon |  18350 |  17408 |    942 |   2540 |   9431 |  14 | 1310.7 |
        Temple |     54 |     54 |      0 |      0 |      0 |   1 |   54.0 |
          Lair |   7884 |   7460 |    424 |    408 |   3904 |   6 | 1314.0 |
   Spider Nest |   3985 |   3893 |     92 |    512 |   1554 |   4 |  996.2 |
  Orcish Mines |   2300 |   2296 |      4 |    174 |    785 |   2 | 1150.0 |
         Arena |     38 |     38 |      0 |     19 |      0 |   1 |   38.0 |
               +--------+--------+--------+--------+--------+-----+--------+

Top non-repeatable levels by time:
    D:12: 2687 daAuts
    D:10: 1946 daAuts
    D:13: 1626 daAuts
    D:11: 1601 daAuts
  Lair:4: 1553 daAuts
  Lair:6: 1537 daAuts
     D:6: 1478 daAuts
   Orc:2: 1450 daAuts
     D:9: 1437 daAuts
  Lair:3: 1428 daAuts
Spider:3: 1371 daAuts
     D:5: 1231 daAuts
  Lair:5: 1157 daAuts
  Lair:2: 1137 daAuts
     D:7: 1131 daAuts
